 Dungeon Crawl Stone Soup version 0.29-a0-323-g050149af67 (webtiles) character file.

Game seed: 4713077452792783716

17 Jortsu the Vandal (level 2, 28/28 HPs)
             Began as a Troll Hunter on Apr 11, 2022.
             Was a Follower of Sif Muna.
             Quit the game on level 1 of the Dungeon.
             The game lasted 00:01:43 (416 turns).

Jortsu the Vandal (Troll Hunter)                     Turns: 416, Time: 00:01:44

Health: 28/28      AC:  4    Str: 18    XL:     2   Next: 44%
Magic:  1/1        EV: 10    Int:  5    God:    Sif Muna [*.....]
Gold:   50         SH:  0    Dex: 13    Spells: 1/1 levels left

rFire   . . .      SeeInvis .   a - +1 hunting sling
rCold   . . .      Faith    .   (no shield)
rNeg    . . .      Spirit   .   b - +0 robe
rPois   .          Reflect  .   (helmet restricted)
rElec   .          Harm     .   (no cloak)
rCorr   .          Rampage  .   (gloves unavailable)
Will    .....                   (boots unavailable)
Stlth   +.........              (no amulet)
HPRegen 0.89/turn               (no ring)
MPRegen 0.07/turn               (no ring)

@: about to teleport
A: large, unfitting armour, claws 3, regeneration 1, shaggy fur 1, tough skin 1
a: Renounce Religion, Channel Magic


You were on level 1 of the Dungeon.
You worshipped Sif Muna.
Sif Muna was aware of your devotion.
You visited 1 branch of the dungeon, and saw 1 of its levels.

You collected 50 gold pieces.

Inventory:

Hand Weapons
 a - a +1 hunting sling (weapon)
Armour
 b - a +0 robe (worn)
Scrolls
 c - a scroll of immolation
Potions
 f - a potion of ambrosia {unknown}
 i - 2 potions of heal wounds {unknown}
 j - a potion of flight {unknown}


   Skills:
 + Level 1.6 Fighting
 + Level 3.1 Slings
 + Level 1.6 Dodging
 + Level 0.3 Stealth


You had one spell level left.
You didn't know any spells.
Your spell library was empty.

Dungeon Overview and Level Annotations

Branches:
Dungeon (1/15)

Altars:
Sif Muna


Innate Abilities, Weirdness & Mutations

You are too large for most types of armour.
You have claws for hands.
Your natural rate of healing is unusually fast.
You are covered in fur. (AC +1)
You have tough skin. (AC +1)


Message History

You shoot a sling bullet. The sling bullet barely misses the bat.
The bat hits you but does no damage. The bat barely misses you.
Fire: a) +1 hunting sling
Press: ? - help, Q - select action Shift-Dir - straight line, f/p - bat
Aim: a bat (39% to hit)
You shoot a sling bullet. The sling bullet hits the bat.
You kill the bat!
You now have 50 gold pieces (gained 14).
Found a stone staircase leading down.
A kobold comes into view. It is wielding a +0 dagger.
Fire: a) +1 hunting sling
Press: ? - help, Q - select action Shift-Dir - straight line, f - kobold
Aim: a kobold, wielding a +0 dagger and quivering stones (47% to hit)
You shoot a sling bullet. The sling bullet hits the kobold.
You kill the kobold!
Things that are here:
a +0 dagger; 4 stones You see here a frilled lizard skeleton.
Found a faded altar of an unknown god.
There is a shaft here.
There is a faded altar of an unknown god here.
You cannot tell which god this altar belongs to.
Convert to them anyway?
Sif Muna accepts your prayer! Sif Muna welcomes you!
You can now call upon Sif Muna for magical energy.
Okay, then.
Are you sure you want to abandon this character and quit the game? (Confirm with "yes".)
Okay, then.
As you read the scroll labelled HIODDO HIGG, it crumbles to dust.
The scroll dissolves into smoke.
It was a scroll of fog.
Blink to where?
Press: ? - help, Dir - move target
As you read the scroll labelled ISOMMATUSS, it crumbles to dust.
It was a scroll of blinking.
As you read the scroll labelled ARE FOUTWEN, it crumbles to dust.
You assume a fearsome visage.
Nothing appears to happen.
It was a scroll of fear.
As you read the scroll labelled NIUK UMEEXAGGEYL, it crumbles to dust.
You feel strangely unstable.
It was a scroll of teleportation.
Are you sure you want to abandon this character and quit the game? (Confirm with "yes".)

##### #§§.# #§#.# ####@#.###
#..#_#...# #..###...#
#........########## # #####
#.................### #...#
#.........).......##. ##.#.###
#...†.............##.
...#...######.................##.
.#####.....##.................###


There were no monsters in sight!

Vanquished Creatures
  A dart slug (D:1)
  An endoplasm (D:1)
  4 kobolds (D:1)
  A quokka (D:1)
  6 bats (D:1)
  A frilled lizard (D:1)
14 creatures vanquished.

Notes
Turn   | Place    | Note
-------+----------+-------------------------------------------
     0 | D:1      | Jortsu the Troll Hunter began the quest for the Orb.
     0 | D:1      | Reached XP level 1. HP: 19/19 MP: 0/0
    80 | D:1      | Reached skill level 3 in Slings
    98 | D:1      | Reached XP level 2. HP: 27/27 MP: 1/1
   407 | D:1      | Found a faded altar of an unknown god.
   411 | D:1      | Prayed at the altar of an unknown god.
   411 | D:1      | Became a worshipper of Sif Muna the Loreminder
   411 | D:1      | Reached * piety under Sif Muna
   416 | D:1      | Quit the game

Illustrated notes

Levels and vault maps discovered:
D:1:      minmay_arrival_stair_chambers, layout_rooms,
          hellmonk_ecumenical_altar_leap_of_faith, chequers_decorated_corner

Skill      XL: |  1 |
---------------+----+-----
Slings         | 3 |  3.1
Fighting       | |  1.6
Dodging        | |  1.6
Stealth        | |  0.3

Action                   || total
-------------------------++-------
 Fire: Hunting sling     ||    34
  Use: Scroll            ||     4
Armor: Robe              ||     9
Dodge: Dodged            ||     7

Table legend: (Time is in decaauts)
 A = Elapsed time spent in this place.
 B = Non-inter-level travel time spent in this place.
 C = Inter-level travel time spent in this place.
 D = Time resting spent in this place.
 E = Time spent auto-exploring this place.
 F = Levels seen in this place.
 G = Mean time per level.
                   A        B        C        D        E       F      G
               +--------+--------+--------+--------+--------+-----+--------+
         Total |    428 |    428 |      0 |      0 |    323 |   1 |  428.0 |
       Dungeon |    428 |    428 |      0 |      0 |    323 |   1 |  428.0 |
               +--------+--------+--------+--------+--------+-----+--------+

Top non-repeatable levels by time:
     D:1: 428 daAuts
